Map: Mist Opportunities

Players

raincamp

  • Race: Terran Terran
  • Spawn Location: 6:00

raincamp

  • Race: Terran Terran

VOD

Have the link to the VOD?

Description

Time

  • Played on: Jan. 20, 2018, 11:37 a.m.
  • Length: 30:10
Show
View Real Time Build Order
Export as new Build Order

raincamp Terran 

Build Orders:  

Get SALT Encoding   

Show
View Real Time Build Order
Export as new Build Order

raincamp Terran 

Build Orders:  

Get SALT Encoding   

  12  0:05  Starport Tech Lab  
  12  0:08  SCV  
  13  0:25  SCV  
  13  0:29  Supply Depot  
  15  0:42  SCV  
  16  1:04  SCV  
  17  1:21  SCV  
  17  1:34  Command Center  
  17  1:38  SCV  
  18  1:55  SCV  
  19  2:00  Assault Galleon  
  20  2:12  SCV  
  20  2:25  Refinery  
  20  2:28  Refinery, SCV  
  21  2:43  Engineering Bay  
  21  2:45  SCV  
  23  3:02  SCV  
  23  3:03  Reaper  
  24  3:13  Reaper  
  24  3:19  SCV  
  27  3:22  SCV  
  27  3:23  Reaper  
  28  3:33  Reaper  
  28  3:36  SCV  
  28  3:38  Jetpack Overdrive  
  28  3:39  SCV  
  32  3:53  SCV  
  32  3:56  SCV  
  34  4:10  SCV  
  34  4:19  Command Center  
  34  4:21  Armory  
  34  4:27  SCV  
  36  4:32  SCV  
  37  4:41  LE9 Cluster Charges  
  37  4:44  SCV  
  37  4:49  SCV  
  38  4:51  Refinery  
  39  5:01  SCV  
  39  5:02  Reaper  
  39  5:06  SCV  
  39  5:08  Refinery  
  41  5:12  Reaper  
  41  5:18  SCV  
  44  5:23  SCV  
  44  5:28  Supply Depot x2  
  44  5:34  Assault Galleon  
  44  5:35  SCV  
  46  5:40  SCV  
  46  6:01  SCV  
  45  6:10  Assault Galleon  
  45  6:13  Assault Galleon  
  45  6:14  Assault Galleon  
  45  6:19  SCV x2  
  47  6:34  Reaper  
  47  6:36  Multi-Threaded Sensors, SCV  
  50  6:43  SCV  
  50  6:44  Reaper  
  51  6:54  Reaper  
  51  7:04  Reaper  
  51  7:10  Reaper  
  52  7:20  Supply Depot  
  52  7:26  Horner Weapons Level 1  
  52  7:27  Reaper x3, SCV  
  52  7:28  Reaper x2  
  59  7:30  SCV  
  59  7:38  Reaper  
  59  7:39  Reaper x4  
  64  7:40  Theia Raven x2  
  64  7:47  SCV  
  64  7:48  Reaper  
  70  7:52  Reaper x3  
  70  7:53  Reaper  
  70  7:58  Reaper  
  74  8:02  Reaper x4  
  74  8:08  Reaper  
  75  8:12  Reaper x4  
  75  8:18  Reaper  
  79  8:21  Reaper, Supply Depot  
  79  8:22  Reaper x2  
  83  8:30  Reaper  
  83  8:36  Reaper x4  
  88  8:40  Reaper  
  88  8:45  Reaper  
  88  8:46  Reaper x2  
  91  8:55  Reaper  
  91  8:56  Reaper  
  93  9:01  Reaper  
  93  9:02  Reaper x2  
  93  9:05  Reaper x2  
  93  9:06  Tactical Jump  
  98  9:11  Reaper  
  99  9:37  Reaper  
  99  9:38  Reaper x4  
  104  9:44  Supply Depot  
  104  9:47  Reaper  
  104  9:48  Reaper x3  
  93  10:01  Reaper  
  93  10:02  Reaper x4  
  93  10:08  Missile Turret  
  98  10:11  Reaper  
  98  10:12  Reaper x3  
  98  10:14  Theia Raven  
  104  10:20  Reaper  
  104  10:21  Reaper  
  105  10:32  Horner Weapons Level 2  
  101  10:54  SCV x2  
  101  10:58  Reaper  
  101  10:59  Reaper x4  
  106  11:04  Supply Depot  
  106  11:08  Reaper  
  109  11:10  SCV  
  109  11:11  SCV  
  109  11:14  Reaper x4  
  109  11:18  Reaper  
  111  11:24  Reaper x4  
  111  11:28  Reaper  
  116  11:32  Trigger Override  
  116  11:34  Reaper  
  116  11:36  Supply Depot  
  116  11:40  Reaper x2  
  116  11:41  Reaper x2  
  116  11:44  Reaper  
  121  11:50  Reaper x2  
  121  11:51  Reaper x2  
  121  11:54  Reaper  
  125  12:13  Reaper x5  
  130  12:23  Reaper x5  
  133  12:32  Reaper  
  133  12:33  Reaper x4  
  133  12:35  Unregistered Cloak System  
  135  12:50  Reaper  
  135  12:51  Reaper x4  
  140  13:00  Reaper  
  140  13:01  Reaper x4  
  143  13:10  Reaper  
  143  13:11  Reaper x4  
  147  13:20  Reaper x3  
  147  13:21  Reaper x2  
  151  13:55  Asteria Wraith  
  155  14:12  Supply Depot  
  155  14:29  Horner Weapons Level 3  
  149  14:44  Supply Depot  
  133  14:50  Reaper x5  
  133  14:59  Reaper  
  138  15:00  Reaper x4  
  138  15:09  Reaper  
  141  15:10  Reaper x4  
  145  15:20  Asteria Wraith  
  141  15:59  Reaper  
  98  16:00  Reaper x4  
  98  16:09  Reaper  
  99  16:10  Reaper x4  
  99  16:19  Reaper  
  103  16:20  Reaper x4  
  103  16:29  Reaper  
  108  16:30  Reaper x4  
  108  16:32  Asteria Wraith  
  108  16:39  Reaper  
  117  16:40  Reaper x3  
  117  16:45  Reaper  
  117  16:49  Reaper  
  124  16:50  Reaper x3  
  124  16:52  Supply Depot  
  124  16:55  Reaper  
  124  16:59  Reaper  
  127  17:00  Fusion Core  
  127  17:04  Reaper  
  127  17:05  Reaper x2  
  130  17:11  Reaper  
  130  17:22  Reaper  
  130  17:23  Reaper x4  
  128  17:32  Reaper  
  128  17:33  Reaper x4  
  131  17:42  Reaper x2  
  131  17:43  Reaper x3  
  134  17:51  Horner Armor Level 1  
  134  17:52  Reaper x2  
  134  17:53  Reaper x3  
  135  18:02  Reaper x5  
  139  18:12  Reaper x5  
  138  18:22  Reaper x5  
  132  18:57  Reaper  
  132  18:58  Reaper x4  
  136  19:07  Reaper  
  136  19:08  Reaper x4  
  141  19:17  Reaper  
  141  19:18  Reaper x2  
  141  19:30  Reaper  
  141  19:33  Sovereign Battlecruiser  
  131  19:51  Reaper  
  131  19:52  Reaper x4  
  135  20:01  Reaper  
  135  20:02  Reaper x4  
  140  20:11  Reaper  
  140  20:12  Reaper x3  
  135  20:20  Theia Raven x2  
  135  20:21  Asteria Wraith  
  143  20:36  Reaper  
  143  20:37  Reaper x4  
  148  20:46  Reaper  
  148  20:47  Reaper  
  149  20:51  Horner Armor Level 2  
  144  21:39  Theia Raven  
  142  21:40  Sovereign Battlecruiser  
  148  21:52  Reaper x4  
  148  21:53  Reaper  
  153  22:02  Reaper x5  
  158  22:11  Reaper  
  158  22:12  Reaper  
  160  23:02  Sovereign Battlecruiser  
  166  23:37  Sovereign Battlecruiser  
  172  23:43  Theia Raven  
  174  23:56  Reaper x5  
  179  24:06  Reaper x5  
  184  24:35  Reaper x4  
  188  25:44  Horner Armor Level 3  
  188  26:05  Reaper  
  188  26:06  Reaper x4  
  189  26:15  Reaper  
  188  26:29  Asteria Wraith  
  185  26:31  Theia Raven  
  187  26:46  Reaper x4  
  187  27:08  Theia Raven  
  184  27:37  Reaper  
  184  27:38  Reaper x4  
  189  27:47  Reaper  
  189  27:48  Reaper x4  
  192  27:57  Reaper x3  
  192  27:58  Reaper x2  
  197  28:07  Reaper x3  
  165  29:26  Sovereign Battlecruiser  
  171  29:35  Reaper  
  171  29:36  Reaper  
  173  29:45  Reaper  
  173  29:46  Reaper  
Tags
 
Add a new tag
Caveats
  • Supply blocks, unpowered buildings, or Contaminate may cause inaccurate times.
  • Supply counts are checked every 10 seconds.